[ AOE2 MATCH · #482717234 ]
UnrankedKoreans vs Khitans
[ REPLAY ANALYSIS · EXTRACTED FROM THE RECORDED GAME ]
Feudal
13:14
Castle
23:18
Imperial
43:41
| APM avg | 23.8 |
| APM peak | 45 |
| eAPM avg | 14.1 |
| Villagers / military | 99 / 141 |
Focus
⚔️ 34.3% · 🌾 65.7%
Fire Lancer ×75 · Skirmisher ×58 · Spearman ×5 · Trebuchet (Packed) ×3
Feudal
—
Castle
—
Imperial
—
| APM avg | 21.1 |
| APM peak | 51 |
| eAPM avg | 13.9 |
| Villagers / military | 109 / 124 |
Focus
⚔️ 36.6% · 🌾 63.4%
Archer ×68 · War Elephant ×26 · Spearman ×17 · Knight ×7 · Monk ×3 · Trebuchet (Packed) ×3
Feudal
12:30
Castle
16:34
Imperial
34:15
| APM avg | 15.7 |
| APM peak | 44 |
| eAPM avg | 12.8 |
| Villagers / military | 156 / 11 |
Focus
⚔️ 23.0% · 🌾 77.0%
Unknown (1920) ×32 · Trebuchet (Packed) ×8 · Battering Ram ×3 · Unknown (1923) ×3
Feudal
12:43
Castle
17:15
Imperial
37:40
| APM avg | 23.7 |
| APM peak | 54 |
| eAPM avg | 12.0 |
| Villagers / military | 100 / 88 |
Focus
⚔️ 26.2% · 🌾 73.8%
Centurion ×30 · Militia ×21 · Spearman ×19 · Scorpion ×10 · Monk ×4 · Trebuchet (Packed) ×4
Match map
Initial resources + every placement click. Lines = walls · curves = elevation contours. ◆ gold · ⬟ stone · ● berries · ✦ relic · ◌ wall gap
Your base· ✓ Closed at 23:18 · 0t walls · 1 gate(s)
QuiteSze lok's base· ✓ Closed at 18:59 · 14t walls · 1 gate(s)
Diego Fields's base· ✓ Closed at 16:34 · 17t walls · 1 gate(s)
luh.rpd's base· ✓ Closed at 17:15 · 17t walls · 1 gate(s)
Smoothed initial terrain · ◌ = detected wall gap · hover for details
Inputs per minute
— avilareall - - QuiteSze lok
Build order — avilareall
First 150 of 378 actions detected
| 0:07 | Build | House |
| 0:18 | Build | House |
| 0:18 | Create | Villager (Male) |
| 0:19 | Create | Villager (Male) |
| 0:19 | Create | Villager (Male) |
| 0:36 | Create | Villager (Male) |
| 1:55 | Create | Villager (Male) |
| 2:15 | Create | Villager (Male) |
| 2:31 | Create | Villager (Male) |
| 3:06 | Create | Villager (Male) |
| 3:20 | Build | Mill |
| 3:23 | Create | Villager (Male) |
| 3:45 | Build | House |
| 3:58 | Create | Villager (Male) |
| 4:11 | Create | Villager (Male) |
| 4:44 | Create | Villager (Male) |
| 5:00 | Create | Villager (Male) |
| 5:08 | Build | Lumber Camp |
| 5:51 | Create | Villager (Male) |
| 6:30 | Create | Villager (Male) |
| 6:59 | Create | Villager (Male) |
| 7:04 | Build | Mining Camp |
| 7:10 | Create | Villager (Male) |
| 7:16 | Build | House |
| 8:40 | Create | Villager (Male) |
| 8:55 | Build | House |
| 8:59 | Build | Mining Camp |
| 9:01 | Create | Villager (Male) |
| 9:37 | Create | Villager (Male) |
| 10:00 | Create | Villager (Male) |
| 10:07 | Create | Villager (Male) |
| 11:04 | Research | Feudal Age |
| 11:38 | Create | Villager (Male) |
| 11:38 | Create | Villager (Male) |
| 11:52 | Build | House |
| 13:14 | Age | Feudal Age |
| 13:20 | Build | Barracks |
| 13:44 | Create | Villager (Male) |
| 13:48 | Build | Farm |
| 13:48 | Build | Farm |
| 13:48 | Build | Farm |
| 13:48 | Build | Farm |
| 13:49 | Build | Farm |
| 13:49 | Build | Farm |
| 13:49 | Build | Farm |
| 13:49 | Build | Farm |
| 13:53 | Create | Villager (Male) |
| 14:10 | Build | Farm |
| 14:10 | Create | Villager (Male) |
| 14:30 | Create | Villager (Male) |
| 14:37 | Build | Archery Range |
| 14:39 | Create | Spearman |
| 14:41 | Create | Spearman |
| 14:59 | Research | Loom |
| 15:06 | Create | Villager (Male) |
| 15:06 | Create | Villager (Male) |
| 15:25 | Create | Villager (Male) |
| 15:44 | Build | Watch Tower |
| 15:47 | Create | Villager (Male) |
| 15:50 | Create | Skirmisher |
| 15:50 | Create | Skirmisher |
| 15:51 | Create | Skirmisher |
| 16:00 | Build | House |
| 16:06 | Build | Palisade Gate |
| 16:08 | Create | Villager (Male) |
| 16:13 | Create | Villager (Male) |
| 16:19 | Build | Farm |
| 16:19 | Build | Farm |
| 16:20 | Build | Farm |
| 16:22 | Build | Farm |
| 16:22 | Build | Farm |
| 16:22 | Build | Farm |
| 16:22 | Build | Farm |
| 16:23 | Build | Farm |
| 16:23 | Build | Farm |
| 16:46 | Build | Watch Tower |
| 17:00 | Create | Villager (Male) |
| 17:09 | Build | House |
| 17:10 | Build | House |
| 17:12 | Create | Skirmisher |
| 17:31 | Create | Villager (Male) |
| 17:34 | Create | Villager (Male) |
| 17:44 | Create | Villager (Male) |
| 19:01 | Create | Villager (Male) |
| 19:11 | Build | Market |
| 19:19 | Create | Villager (Male) |
| 20:12 | Build | Watch Tower |
| 20:13 | Create | Villager (Male) |
| 20:15 | Research | Castle Age |
| 20:16 | Research | Castle Age |
| 20:23 | Build | Blacksmith |
| 20:31 | Build | House |
| 20:32 | Build | House |
| 20:35 | Create | Villager (Male) |
| 20:54 | Create | Villager (Male) |
| 20:57 | Create | Skirmisher |
| 20:57 | Create | Skirmisher |
| 20:57 | Create | Skirmisher |
| 20:58 | Create | Skirmisher |
| 20:58 | Create | Skirmisher |
| 21:01 | Create | Spearman |
| 21:01 | Create | Spearman |
| 21:01 | Create | Spearman |
| 21:31 | Build | Watch Tower |
| 21:40 | Build | House |
| 21:44 | Create | Villager (Male) |
| 21:48 | Research | Horse Collar |
| 21:49 | Research | Double-Bit Axe |
| 22:13 | Build | House |
| 23:11 | Create | Villager (Male) |
| 23:18 | Age | Castle Age |
| 23:24 | Build | House |
| 23:37 | Research | Wheelbarrow |
| 24:28 | Create | Villager (Male) |
| 24:31 | Build | House |
| 24:33 | Create | Villager (Male) |
| 24:37 | Research | Forging |
| 24:38 | Research | Fletching |
| 25:17 | Research | Elite Skirmisher (upgrade) |
| 25:24 | Build | University |
| 25:49 | Build | Watch Tower |
| 26:06 | Create | Villager (Male) |
| 26:08 | Research | Hand Cart |
| 26:12 | Create | Villager (Male) |
| 26:36 | Build | Farm |
| 26:37 | Create | Villager (Male) |
| 27:55 | Build | Watch Tower |
| 27:58 | Research | Ballistics |
| 27:59 | Create | Villager (Male) |
| 28:00 | Create | Villager (Male) |
| 28:05 | Research | Bodkin Arrow |
| 28:29 | Create | Villager (Male) |
| 28:36 | Build | House |
| 28:37 | Build | House |
| 28:39 | Build | House |
| 28:49 | Research | Thumb Ring |
| 28:49 | Create | Skirmisher |
| 28:50 | Create | Skirmisher |
| 28:50 | Create | Skirmisher |
| 28:50 | Create | Skirmisher |
| 28:50 | Create | Skirmisher |
| 28:51 | Create | Skirmisher |
| 28:51 | Create | Skirmisher |
| 28:51 | Create | Skirmisher |
| 28:51 | Create | Skirmisher |
| 28:52 | Create | Skirmisher |
| 28:52 | Create | Skirmisher |
| 28:52 | Create | Skirmisher |
| 28:52 | Create | Skirmisher |
| 28:53 | Create | Skirmisher |
Build order — QuiteSze lok
First 150 of 380 actions detected
| 0:07 | Build | House |
| 0:09 | Build | Mining Camp |
| 0:17 | Build | House |
| 0:22 | Build | House |
| 0:47 | Create | Villager (Male) |
| 0:48 | Create | Villager (Male) |
| 0:48 | Create | Villager (Male) |
| 0:48 | Create | Villager (Male) |
| 0:48 | Create | Villager (Male) |
| 0:49 | Create | Villager (Male) |
| 2:04 | Create | Villager (Male) |
| 2:38 | Create | Villager (Male) |
| 2:38 | Create | Villager (Male) |
| 3:00 | Create | Villager (Male) |
| 3:33 | Build | Palisade Wall |
| 3:41 | Create | Villager (Male) |
| 3:42 | Create | Villager (Male) |
| 4:45 | Create | Villager (Male) |
| 4:45 | Create | Villager (Male) |
| 4:51 | Create | Villager (Male) |
| 5:23 | Create | Villager (Male) |
| 5:24 | Create | Villager (Male) |
| 6:13 | Build | House |
| 6:17 | Build | House |
| 6:18 | Build | House |
| 6:20 | Build | House |
| 6:26 | Create | Villager (Male) |
| 6:26 | Create | Villager (Male) |
| 6:58 | Build | Lumber Camp |
| 7:09 | Build | Mill |
| 7:52 | Create | Villager (Male) |
| 7:52 | Create | Villager (Male) |
| 7:52 | Create | Villager (Male) |
| 8:21 | Build | House |
| 8:22 | Build | House |
| 8:46 | Build | Palisade Gate |
| 8:58 | Build | Palisade Gate |
| 9:00 | Build | Palisade Wall |
| 9:04 | Build | House |
| 9:14 | Research | Feudal Age |
| 10:12 | Build | Mill |
| 10:41 | Build | Barracks |
| 11:24 | Research | Wheelbarrow |
| 11:26 | Research | Horse Collar |
| 11:32 | Research | Double-Bit Axe |
| 11:35 | Create | Villager (Male) |
| 11:35 | Create | Villager (Male) |
| 12:16 | Build | Lumber Camp |
| 12:32 | Create | Villager (Male) |
| 12:33 | Create | Villager (Male) |
| 12:33 | Create | Villager (Male) |
| 13:04 | Create | Villager (Male) |
| 13:04 | Create | Villager (Male) |
| 13:07 | Create | Villager (Male) |
| 14:07 | Build | Blacksmith |
| 14:10 | Build | Archery Range |
| 14:13 | Build | Archery Range |
| 14:19 | Research | Horse Collar |
| 14:57 | Build | Farm |
| 14:58 | Build | Farm |
| 14:59 | Build | Farm |
| 15:00 | Build | Farm |
| 15:01 | Build | Farm |
| 15:15 | Create | Villager (Male) |
| 15:15 | Create | Villager (Male) |
| 15:16 | Create | Villager (Male) |
| 15:16 | Create | Villager (Male) |
| 15:51 | Create | Villager (Male) |
| 15:51 | Create | Villager (Male) |
| 16:37 | Create | Villager (Male) |
| 16:38 | Create | Villager (Male) |
| 16:38 | Create | Villager (Male) |
| 16:43 | Build | Farm |
| 16:45 | Build | Farm |
| 16:46 | Build | Farm |
| 16:47 | Build | Farm |
| 16:48 | Build | Farm |
| 16:49 | Build | Farm |
| 16:50 | Build | Farm |
| 16:52 | Build | Farm |
| 17:15 | Build | Mining Camp |
| 17:59 | Build | Farm |
| 18:00 | Build | Farm |
| 18:03 | Build | Farm |
| 18:25 | Create | Villager (Male) |
| 18:25 | Create | Villager (Male) |
| 18:31 | Build | Lumber Camp |
| 18:57 | Build | Farm |
| 18:59 | Research | Castle Age |
| 19:30 | Build | Stable |
| 19:31 | Build | Stable |
| 20:12 | Build | Stable |
| 21:26 | Create | Villager (Male) |
| 21:26 | Create | Villager (Male) |
| 21:30 | Research | Hand Cart |
| 21:34 | Research | Bow Saw |
| 21:35 | Research | Heavy Plow |
| 21:52 | Build | Town Center |
| 22:46 | Build | Monastery |
| 23:22 | Build | Siege Workshop |
| 23:27 | Create | Monk |
| 24:12 | Create | Knight |
| 24:13 | Create | Knight |
| 24:14 | Research | Bloodlines |
| 24:15 | Research | Husbandry |
| 24:30 | Build | Town Center |
| 24:34 | Create | Villager (Male) |
| 24:34 | Create | Villager (Male) |
| 24:34 | Create | Villager (Male) |
| 24:35 | Create | Villager (Male) |
| 24:35 | Create | Villager (Male) |
| 24:35 | Create | Villager (Male) |
| 24:39 | Create | Villager (Male) |
| 24:40 | Create | Villager (Male) |
| 24:40 | Create | Villager (Male) |
| 24:40 | Create | Villager (Male) |
| 24:40 | Create | Villager (Male) |
| 24:46 | Build | Mining Camp |
| 24:57 | Create | Villager (Male) |
| 24:57 | Create | Villager (Male) |
| 24:57 | Create | Villager (Male) |
| 25:02 | Create | Villager (Male) |
| 25:02 | Create | Villager (Male) |
| 27:24 | Create | Villager (Male) |
| 27:25 | Create | Villager (Male) |
| 27:25 | Create | Villager (Male) |
| 27:29 | Create | Villager (Male) |
| 27:30 | Create | Villager (Male) |
| 27:30 | Create | Villager (Male) |
| 27:30 | Create | Villager (Male) |
| 27:30 | Create | Villager (Male) |
| 27:35 | Build | Mining Camp |
| 27:52 | Create | Villager (Male) |
| 27:52 | Create | Villager (Male) |
| 27:52 | Create | Villager (Male) |
| 27:53 | Create | Villager (Male) |
| 27:53 | Create | Villager (Male) |
| 27:53 | Create | Villager (Male) |
| 28:00 | Research | Gold Mining |
| 28:02 | Research | Stone Mining |
| 28:15 | Build | Castle |
| 28:45 | Build | House |
| 28:46 | Build | House |
| 28:47 | Build | House |
| 28:48 | Build | House |
| 28:52 | Build | House |
| 29:02 | Research | Fletching |
| 29:02 | Research | Padded Archer Armor |
| 29:04 | Research | Crossbowman (upgrade) |
| 29:04 | Research | Thumb Ring |
Build order — Diego Fields
First 150 of 301 actions detected
| 0:02 | Create | Villager (Male) |
| 0:02 | Create | Villager (Male) |
| 0:03 | Create | Villager (Male) |
| 0:04 | Build | House |
| 0:06 | Build | House |
| 0:42 | Create | Villager (Male) |
| 1:30 | Create | Villager (Male) |
| 1:51 | Build | Lumber Camp |
| 1:59 | Build | Lumber Camp |
| 2:03 | Create | Villager (Male) |
| 2:33 | Create | Villager (Male) |
| 3:08 | Create | Villager (Male) |
| 3:08 | Create | Villager (Male) |
| 3:50 | Build | Palisade Wall |
| 3:52 | Create | Villager (Male) |
| 3:53 | Create | Villager (Male) |
| 3:53 | Create | Villager (Male) |
| 4:02 | Build | Mill |
| 4:29 | Create | Villager (Male) |
| 4:55 | Research | Loom |
| 4:58 | Build | House |
| 5:09 | Build | House |
| 5:14 | Build | House |
| 5:18 | Create | Villager (Male) |
| 5:18 | Create | Villager (Male) |
| 5:19 | Create | Villager (Male) |
| 5:49 | Create | Villager (Male) |
| 6:45 | Create | Villager (Male) |
| 6:45 | Create | Villager (Male) |
| 6:46 | Create | Villager (Male) |
| 6:49 | Build | Lumber Camp |
| 7:32 | Create | Villager (Male) |
| 7:33 | Create | Villager (Male) |
| 8:24 | Create | Villager (Male) |
| 8:24 | Create | Villager (Male) |
| 8:36 | Create | Villager (Male) |
| 8:37 | Create | Villager (Male) |
| 9:12 | Create | Villager (Male) |
| 9:22 | Create | Villager (Male) |
| 9:22 | Create | Villager (Male) |
| 9:23 | Create | Villager (Male) |
| 9:23 | Create | Villager (Male) |
| 9:35 | Build | Mining Camp |
| 10:18 | Research | Feudal Age |
| 10:53 | Build | Mill |
| 11:03 | Build | Pasture |
| 11:12 | Build | Pasture |
| 11:20 | Create | Villager (Male) |
| 11:32 | Create | Villager (Male) |
| 11:50 | Create | Villager (Male) |
| 12:14 | Create | Villager (Male) |
| 12:30 | Age | Feudal Age |
| 12:30 | Research | Double-Bit Axe |
| 12:33 | Research | Tech 1014 |
| 12:37 | Create | Villager (Male) |
| 12:47 | Create | Villager (Male) |
| 12:48 | Create | Villager (Male) |
| 12:48 | Create | Villager (Male) |
| 12:49 | Create | Villager (Male) |
| 12:49 | Create | Villager (Male) |
| 12:50 | Create | Villager (Male) |
| 12:58 | Build | Blacksmith |
| 13:00 | Build | Market |
| 13:13 | Create | Villager (Male) |
| 13:14 | Create | Villager (Male) |
| 13:16 | Build | Pasture |
| 13:54 | Research | Castle Age |
| 13:59 | Build | Mining Camp |
| 14:08 | Build | Pasture |
| 14:15 | Create | Villager (Male) |
| 14:30 | Build | Stone Wall |
| 14:45 | Build | Gate |
| 15:07 | Research | Tech 1014 |
| 15:10 | Research | Double-Bit Axe |
| 15:13 | Create | Villager (Male) |
| 15:26 | Build | House |
| 15:28 | Build | House |
| 15:29 | Build | House |
| 16:34 | Age | Castle Age |
| 16:40 | Create | Villager (Male) |
| 16:43 | Build | Town Center |
| 16:51 | Build | Town Center |
| 16:54 | Create | Villager (Male) |
| 16:55 | Create | Villager (Male) |
| 17:22 | Create | Villager (Male) |
| 17:23 | Create | Villager (Male) |
| 18:04 | Create | Villager (Male) |
| 18:09 | Create | Villager (Male) |
| 18:20 | Create | Villager (Male) |
| 18:48 | Build | Castle |
| 19:08 | Research | Fletching |
| 19:10 | Create | Villager (Male) |
| 19:11 | Create | Villager (Male) |
| 19:14 | Create | Villager (Male) |
| 19:36 | Build | Pasture |
| 19:37 | Build | Pasture |
| 19:40 | Create | Villager (Male) |
| 19:42 | Create | Villager (Male) |
| 19:52 | Create | Villager (Male) |
| 20:12 | Create | Villager (Male) |
| 20:25 | Build | Pasture |
| 20:33 | Build | Pasture |
| 20:39 | Create | Villager (Male) |
| 20:40 | Create | Villager (Male) |
| 20:41 | Create | Villager (Male) |
| 20:57 | Create | Villager (Male) |
| 21:03 | Create | Villager (Male) |
| 21:13 | Build | Pasture |
| 21:21 | Build | Pasture |
| 21:23 | Create | Villager (Male) |
| 21:24 | Create | Villager (Male) |
| 21:25 | Create | Villager (Male) |
| 21:35 | Create | Villager (Male) |
| 21:44 | Create | Villager (Male) |
| 21:50 | Create | Villager (Male) |
| 21:58 | Create | Villager (Male) |
| 22:08 | Build | Pasture |
| 22:10 | Research | Bow Saw |
| 22:18 | Create | Villager (Male) |
| 22:24 | Create | Unit 1920 |
| 22:37 | Create | Villager (Male) |
| 22:38 | Create | Villager (Male) |
| 22:43 | Create | Villager (Male) |
| 22:57 | Create | Villager (Male) |
| 22:58 | Create | Villager (Male) |
| 23:10 | Research | Tech 1013 |
| 23:28 | Create | Unit 1920 |
| 23:30 | Create | Unit 1920 |
| 23:31 | Create | Unit 1920 |
| 23:33 | Create | Unit 1920 |
| 23:38 | Build | Pasture |
| 23:53 | Create | Villager (Male) |
| 23:54 | Create | Villager (Male) |
| 23:55 | Create | Villager (Male) |
| 23:59 | Create | Villager (Male) |
| 24:15 | Build | Pasture |
| 24:17 | Create | Villager (Male) |
| 24:17 | Create | Villager (Male) |
| 24:19 | Create | Villager (Male) |
| 24:28 | Create | Unit 1920 |
| 24:44 | Build | Siege Workshop |
| 24:49 | Create | Villager (Male) |
| 24:49 | Create | Villager (Male) |
| 24:50 | Create | Villager (Male) |
| 24:51 | Create | Villager (Male) |
| 24:55 | Create | Unit 1920 |
| 25:17 | Build | House |
| 25:20 | Build | House |
| 25:23 | Create | Villager (Male) |
| 25:23 | Create | Villager (Male) |
Build order — luh.rpd
First 150 of 328 actions detected
| 0:00 | Create | Villager (Male) |
| 0:01 | Create | Villager (Male) |
| 0:01 | Create | Villager (Male) |
| 0:01 | Create | Villager (Male) |
| 0:04 | Build | House |
| 0:06 | Build | House |
| 1:31 | Create | Villager (Male) |
| 2:01 | Create | Villager (Male) |
| 2:13 | Build | Lumber Camp |
| 2:17 | Create | Villager (Male) |
| 3:03 | Create | Villager (Male) |
| 3:05 | Create | Villager (Male) |
| 3:10 | Build | House |
| 4:06 | Create | Villager (Male) |
| 4:07 | Create | Villager (Male) |
| 4:27 | Create | Villager (Male) |
| 4:48 | Create | Villager (Male) |
| 5:05 | Build | Mill |
| 5:33 | Create | Villager (Male) |
| 5:51 | Build | House |
| 6:24 | Build | Palisade Wall |
| 6:30 | Create | Villager (Male) |
| 6:32 | Create | Villager (Male) |
| 7:05 | Build | Mining Camp |
| 7:11 | Create | Villager (Male) |
| 7:29 | Create | Villager (Male) |
| 8:32 | Build | Palisade Gate |
| 8:46 | Create | Villager (Male) |
| 8:49 | Create | Villager (Male) |
| 8:54 | Create | Villager (Male) |
| 8:59 | Create | Villager (Male) |
| 9:13 | Build | Mining Camp |
| 10:32 | Research | Feudal Age |
| 10:37 | Build | House |
| 11:24 | Research | Loom |
| 12:42 | Build | Farm |
| 12:43 | Build | Farm |
| 12:43 | Build | Farm |
| 12:43 | Age | Feudal Age |
| 12:43 | Build | Farm |
| 12:43 | Build | Farm |
| 12:44 | Build | Farm |
| 12:44 | Build | Farm |
| 12:47 | Build | Farm |
| 12:59 | Build | Market |
| 13:31 | Build | Blacksmith |
| 13:59 | Research | Double-Bit Axe |
| 14:35 | Research | Castle Age |
| 14:52 | Research | Stone Mining |
| 16:30 | Build | House |
| 16:46 | Create | Villager (Male) |
| 16:47 | Create | Villager (Male) |
| 16:48 | Create | Villager (Male) |
| 16:50 | Create | Villager (Male) |
| 17:02 | Build | House |
| 17:15 | Age | Castle Age |
| 17:27 | Build | Monastery |
| 17:57 | Create | Monk |
| 17:58 | Create | Monk |
| 18:01 | Create | Monk |
| 18:24 | Build | Town Center |
| 19:14 | Create | Villager (Male) |
| 19:14 | Create | Villager (Male) |
| 19:15 | Create | Villager (Male) |
| 19:32 | Research | Fervor |
| 19:39 | Create | Villager (Male) |
| 19:46 | Create | Villager (Male) |
| 19:47 | Create | Villager (Male) |
| 19:48 | Create | Villager (Male) |
| 19:48 | Create | Villager (Male) |
| 19:49 | Create | Villager (Male) |
| 19:55 | Research | Gold Mining |
| 19:58 | Create | Villager (Male) |
| 20:52 | Create | Villager (Male) |
| 20:52 | Create | Villager (Male) |
| 21:29 | Create | Villager (Male) |
| 21:30 | Create | Villager (Male) |
| 21:33 | Build | House |
| 21:34 | Build | House |
| 21:38 | Create | Villager (Male) |
| 21:41 | Create | Villager (Male) |
| 23:01 | Build | Castle |
| 23:06 | Create | Villager (Male) |
| 23:06 | Create | Villager (Male) |
| 23:06 | Create | Villager (Male) |
| 23:07 | Create | Villager (Male) |
| 23:08 | Create | Villager (Male) |
| 23:08 | Create | Villager (Male) |
| 23:17 | Build | Farm |
| 23:18 | Build | Farm |
| 23:18 | Build | Farm |
| 23:18 | Build | Farm |
| 23:19 | Build | Farm |
| 23:19 | Build | Farm |
| 23:19 | Build | Farm |
| 23:23 | Create | Villager (Male) |
| 24:12 | Create | Villager (Male) |
| 24:12 | Create | Villager (Male) |
| 24:19 | Build | House |
| 24:20 | Build | House |
| 25:00 | Build | Stone Wall |
| 25:12 | Create | Centurion |
| 25:12 | Create | Centurion |
| 25:18 | Create | Villager (Male) |
| 25:20 | Build | Farm |
| 25:22 | Create | Villager (Male) |
| 25:31 | Build | Farm |
| 25:32 | Build | Farm |
| 25:32 | Build | Farm |
| 25:32 | Build | Farm |
| 25:33 | Build | Farm |
| 25:38 | Research | Horse Collar |
| 25:53 | Build | Stone Wall |
| 26:08 | Build | Mining Camp |
| 26:14 | Build | Farm |
| 26:27 | Create | Centurion |
| 26:51 | Create | Centurion |
| 26:51 | Create | Centurion |
| 26:51 | Create | Centurion |
| 27:12 | Build | Gate |
| 27:18 | Create | Centurion |
| 27:43 | Create | Villager (Male) |
| 27:44 | Create | Villager (Male) |
| 27:44 | Create | Villager (Male) |
| 27:45 | Create | Villager (Male) |
| 27:45 | Create | Villager (Male) |
| 27:45 | Create | Villager (Male) |
| 27:46 | Create | Villager (Male) |
| 27:53 | Build | Lumber Camp |
| 27:57 | Create | Villager (Male) |
| 28:12 | Build | Mining Camp |
| 28:26 | Build | Stone Wall |
| 28:36 | Create | Centurion |
| 28:36 | Create | Centurion |
| 28:40 | Research | Ballistas |
| 28:42 | Create | Villager (Male) |
| 28:44 | Create | Villager (Male) |
| 29:01 | Create | Centurion |
| 29:35 | Create | Villager (Male) |
| 29:35 | Create | Villager (Male) |
| 29:36 | Create | Villager (Male) |
| 29:37 | Create | Villager (Male) |
| 29:38 | Create | Villager (Male) |
| 29:39 | Create | Villager (Male) |
| 29:52 | Build | Town Center |
| 30:11 | Build | University |
| 30:15 | Create | Villager (Male) |
| 30:15 | Create | Villager (Male) |
| 30:17 | Create | Villager (Male) |
| 30:17 | Create | Villager (Male) |
Match timeline
| 3:33 | QuiteSze lok · wall_segment Palisade Wall x13 |
| 3:50 | Diego Fields · wall_segment Palisade Wall x9 |
| 6:24 | luh.rpd · wall_segment Palisade Wall x17 |
| 9:00 | QuiteSze lok · wall_segment Palisade Wall x1 |
| 10:41 | QuiteSze lok · first_building Barracks |
| 12:30 | Diego Fields · age_up feudal |
| 12:43 | luh.rpd · age_up feudal |
| 13:14 | avilareall · age_up feudal |
| 13:20 | avilareall · first_building Barracks |
| 14:10 | QuiteSze lok · first_building Archery Range |
| 14:30 | Diego Fields · wall_segment Stone Wall x8 |
| 14:37 | avilareall · first_building Archery Range |
| 16:34 | Diego Fields · age_up castle |
| 17:04 | Diego Fields · first_market_buy 100 stone |
| 17:15 | luh.rpd · age_up castle |
| 17:27 | luh.rpd · first_building Monastery |
| 17:48 | Diego Fields · first_market_sell 100 food |
| 18:48 | Diego Fields · first_building Castle |
| 19:30 | QuiteSze lok · first_building Stable |
| 22:46 | QuiteSze lok · first_building Monastery |
| 23:01 | luh.rpd · first_building Castle |
| 23:18 | avilareall · age_up castle |
| 23:22 | QuiteSze lok · first_building Siege Workshop |
| 24:44 | Diego Fields · first_building Siege Workshop |
| 25:00 | luh.rpd · wall_segment Stone Wall x25 |
| 25:53 | luh.rpd · wall_segment Stone Wall x12 |
| 27:33 | luh.rpd · first_market_sell 100 wood |
| 28:15 | QuiteSze lok · first_building Castle |
| 28:26 | luh.rpd · wall_segment Stone Wall x27 |
| 29:57 | Diego Fields · first_building Barracks |
| 30:54 | luh.rpd · wall_segment Stone Wall x9 |
| 33:53 | luh.rpd · first_market_buy 100 food |
| 34:15 | Diego Fields · age_up imperial |
| 34:43 | luh.rpd · first_building Barracks |
| 36:12 | QuiteSze lok · first_market_buy 500 food |
| 37:32 | luh.rpd · first_building Siege Workshop |
| 37:40 | luh.rpd · age_up imperial |
| 38:30 | avilareall · first_market_buy 100 stone |
| 38:43 | avilareall · first_market_sell 100 wood |
| 38:57 | avilareall · first_building Castle |
| 43:41 | avilareall · age_up imperial |
| 44:23 | Diego Fields · first_building Stable |
| 45:49 | Diego Fields · wall_segment Stone Wall x13 |
| 46:08 | Diego Fields · resign |
[ AI ANALYSIS · 1 CREDIT ]
What really happened in this match?
Wolo.gg analyzes every decision: build order, eco, micro, common mistakes by bracket. Personalized analysis on WhatsApp or Discord in 30 seconds.
Civ guide
Koreans
Perfil
Jugador #25106955